| TOP OF THE 1ST |
|
Toronto Blue Jays batting - Pitching for Oakland Athletics : RHP Mitsuo Kuriyama
|
|
Pitching: RHP Mitsuo Kuriyama
|
|
|
Batting: LHB Jon Schick
|
0-0: Ball 1-0: SINGLE (Groundball, 56S, EV 76.3 MPH) (infield hit)
|
|
Batting: RHB Shigem Kubo
|
Pickoff Throw to First - Out! 1-3 0-0: Called Strike 0-1: Swinging Strike 0-2: Strikes out swinging
|
|
Batting: RHB Ruben Velasco
|
0-0: Ball 1-0: Foul Ball, location: 2F 1-1: SOLO HOME RUN (Flyball, 9LD, EV 94.4 MPH), Distance : 339 ft
|
|
Batting: SHB Zory Larikov
|
0-0: Swinging Strike 0-1: Swinging Strike 0-2: Strikes out swinging
|
| Top of the 1st over - 1 run, 2 hits, 0 errors, 0 left on base; Toronto 1 - Oakland 0 |
| BOTTOM OF THE 1ST |
|
Oakland Athletics batting - Pitching for Toronto Blue Jays : RHP Tony Rios
|
|
Pitching: RHP Tony Rios
|
|
|
Batting: RHB Muneo Kawachi
|
0-0: Ball 1-0: Foul Ball, location: 2F 1-1: Ground out 5-3 (Groundball, 56, EV 98.1 MPH)
|
|
Batting: SHB Ryan Langlois
|
0-0: Ball 1-0: Called Strike 1-1: Swinging Strike 1-2: Ball 2-2: SINGLE (Line Drive, 7S, EV 88.1 MPH)
|
|
Batting: LHB Sakae Kasahara
|
0-0: Ball 1-0: Called Strike 1-1: SINGLE (Line Drive, 9S, EV 83.8 MPH) Ryan Langlois to second Runner from 2nd tries for 3rd, SAFE, throw by RF made to third
|
|
Batting: LHB George Leary
|
0-0: Called Strike 0-1: Foul Ball, location: 2F 0-2: Ball 1-2: Ball 2-2: Ground out 5-3 (Groundball, 56S, EV 68.8 MPH) Sakae Kasahara to second
|
|
Batting: RHB Adam McGurn
|
0-0: Called Strike 0-1: Foul Ball, location: 2F 0-2: Fly out, F6 (Popup, 6MD, EV 63.1 MPH)
|
| Bottom of the 1st over - 0 runs, 2 hits, 0 errors, 2 left on base; Toronto 1 - Oakland 0 |
| TOP OF THE 2ND |
|
Toronto Blue Jays batting - Pitching for Oakland Athletics : RHP Mitsuo Kuriyama
|
|
Batting: RHB Adam Burke
|
0-0: Ground out 6-3 (Groundball, 6S, EV 73.8 MPH)
|
|
Batting: RHB Kirk Arp
|
0-0: Ground out 5-3 (Groundball, 5, EV 97.5 MPH)
|
|
Batting: LHB Gabe White
|
0-0: Foul Ball, location: 2F 0-1: Fly out, F8 (Flyball, 8RD, EV 97.5 MPH)
|
| Top of the 2nd over - 0 runs, 0 hits, 0 errors, 0 left on base; Toronto 1 - Oakland 0 |
| BOTTOM OF THE 2ND |
|
Oakland Athletics batting - Pitching for Toronto Blue Jays : RHP Tony Rios
|
|
Batting: SHB Bob Morales
|
0-0: Called Strike 0-1: Foul Ball, location: 2F 0-2: Ball 1-2: Foul Ball, location: 2F 1-2: Ball 2-2: Strikes out swinging
|
|
Batting: RHB Danny Murillo
|
0-0: Ball 1-0: Fly out, F5 (Popup, 25, EV 95.6 MPH)
|
|
Batting: RHB Justin McQuarter
|
0-0: Hit by Pitch
|
|
Batting: SHB Todd Hewitt
|
0-0: Swinging Strike 0-1: Foul Ball, location: 2F 0-2: Ball 1-2: SINGLE (Groundball, 4MD, EV 97.5 MPH) Justin McQuarter to second
|
|
Batting: RHB Muneo Kawachi
|
0-0: Ball 1-0: Called Strike 1-1: Ball 2-1: Ball 3-1: Foul Ball, location: 2F 3-2: Strikes out swinging
|
| Bottom of the 2nd over - 0 runs, 1 hit, 0 errors, 2 left on base; Toronto 1 - Oakland 0 |
| TOP OF THE 3RD |
|
Toronto Blue Jays batting - Pitching for Oakland Athletics : RHP Mitsuo Kuriyama
|
|
Batting: LHB Isto Mäyrä
|
0-0: Foul Ball, location: 2F 0-1: Foul Ball, location: 2F 0-2: Strikes out swinging
|
|
Batting: RHB Jerry Jauregui
|
0-0: Called Strike 0-1: Ball 1-1: Ball 2-1: Called Strike 2-2: Strikes out swinging
|
|
Batting: LHB Jon Schick
|
0-0: Called Strike 0-1: Swinging Strike 0-2: Strikes out swinging
|
| Top of the 3rd over - 0 runs, 0 hits, 0 errors, 0 left on base; Toronto 1 - Oakland 0 |
| BOTTOM OF THE 3RD |
|
Oakland Athletics batting - Pitching for Toronto Blue Jays : RHP Tony Rios
|
|
Batting: SHB Ryan Langlois
|
0-0: Ball 1-0: Ball 2-0: Ball 3-0: Base on Balls
|
|
Batting: LHB Sakae Kasahara
|
0-0: Foul Ball, location: 2F 0-1: Foul Ball, location: 2F 0-2: Foul Ball, location: 2F 0-2: Ball 1-2: Strikes out swinging Ryan Langlois steals 2nd base Batter strikes out.
|
|
Batting: LHB George Leary
|
0-0: Ground out 3-1 (Groundball, 34, EV 83.8 MPH) Ryan Langlois to third
|
|
Batting: RHB Adam McGurn
|
0-0: Called Strike 0-1: Ball 1-1: Ball 2-1: Swinging Strike 2-2: SINGLE (Line Drive, 78M, EV 91.3 MPH) Ryan Langlois scores
|
|
Batting: SHB Bob Morales
|
0-0: Ball 1-0: Foul Ball, location: 2F 1-1: Ball 2-1: Fielders Choice at 2nd, 6-4 (Groundball, 6, EV 82.5 MPH)
|
| Bottom of the 3rd over - 1 run, 1 hit, 0 errors, 1 left on base; Toronto 1 - Oakland 1 |
| TOP OF THE 4TH |
|
Toronto Blue Jays batting - Pitching for Oakland Athletics : RHP Mitsuo Kuriyama
|
|
Batting: RHB Shigem Kubo
|
0-0: Called Strike 0-1: Called Strike 0-2: Ball 1-2: SOLO HOME RUN (Flyball, 89XD, EV 91.3 MPH) (Inside the Park)
|
|
Batting: RHB Ruben Velasco
|
0-0: Ball 1-0: Called Strike 1-1: Foul Ball, location: 2F 1-2: Foul Ball, location: 2F 1-2: Strikes out looking
|
|
Batting: SHB Zory Larikov
|
0-0: Ball 1-0: Ball 2-0: Ball 3-0: Called Strike 3-1: Base on Balls
|
|
Batting: RHB Adam Burke
|
0-0: Ball 1-0: Ball 2-0: SINGLE (Line Drive, 7LS, EV 90.6 MPH) Zory Larikov to second
|
|
Batting: RHB Kirk Arp
|
0-0: Called Strike 0-1: Grounds into double play, 6-4-3 (Groundball, 6M, EV 80.6 MPH)
|
| Top of the 4th over - 1 run, 2 hits, 0 errors, 1 left on base; Toronto 2 - Oakland 1 |
| BOTTOM OF THE 4TH |
|
Oakland Athletics batting - Pitching for Toronto Blue Jays : RHP Tony Rios
|
|
Batting: RHB Danny Murillo
|
0-0: Foul Ball, location: 2F 0-1: Called Strike 0-2: Ball 1-2: Ground out 6-3 (Groundball, 6M, EV 92.5 MPH)
|
|
Batting: RHB Justin McQuarter
|
0-0: Fly out, F8 (Flyball, 8RS, EV 86.3 MPH)
|
|
Batting: SHB Todd Hewitt
|
0-0: Foul Ball, location: 2F 0-1: Called Strike 0-2: Ball 1-2: Ball 2-2: Foul Ball, location: 2F 2-2: Strikes out swinging
|
| Bottom of the 4th over - 0 runs, 0 hits, 0 errors, 0 left on base; Toronto 2 - Oakland 1 |
| TOP OF THE 5TH |
|
Toronto Blue Jays batting - Pitching for Oakland Athletics : RHP Mitsuo Kuriyama
|
|
Batting: LHB Gabe White
|
0-0: Fly out, F7 (Flyball, 7S, EV 85.6 MPH)
|
|
Batting: LHB Isto Mäyrä
|
0-0: Ball 1-0: Called Strike 1-1: Ground out 6-3 (Groundball, 6M, EV 110.0 MPH)
|
|
Batting: RHB Jerry Jauregui
|
0-0: Fly out, F9 (Flyball, 9, EV 84.4 MPH)
|
| Top of the 5th over - 0 runs, 0 hits, 0 errors, 0 left on base; Toronto 2 - Oakland 1 |
| BOTTOM OF THE 5TH |
|
Oakland Athletics batting - Pitching for Toronto Blue Jays : RHP Tony Rios
|
|
Batting: RHB Muneo Kawachi
|
0-0: Called Strike 0-1: Ball 1-1: Ball 2-1: Foul Ball, location: 2F 2-2: Foul Ball, location: 2F 2-2: Foul Ball, location: 2F 2-2: Fly out, F8 (Flyball, 8RS, EV 83.8 MPH)
|
|
Batting: SHB Ryan Langlois
|
0-0: Ball 1-0: Ball 2-0: Called Strike 2-1: Foul Ball, location: 2F 2-2: Foul Ball, location: 2F 2-2: Fly out, F9 (Flyball, 89S, EV 90.0 MPH)
|
|
Batting: LHB Sakae Kasahara
|
0-0: Ground out 6-3 (Groundball, 6, EV 85.6 MPH)
|
| Bottom of the 5th over - 0 runs, 0 hits, 0 errors, 0 left on base; Toronto 2 - Oakland 1 |
| TOP OF THE 6TH |
|
Toronto Blue Jays batting - Pitching for Oakland Athletics : RHP Mitsuo Kuriyama
|
|
Batting: LHB Jon Schick
|
0-0: Ball 1-0: Ball 2-0: Swinging Strike 2-1: Ball 3-1: Base on Balls
|
|
Batting: RHB Shigem Kubo
|
0-0: Ball 1-0: Ball 2-0: Sac Bunt to 25 - play at first, batter OUT! 5-3 Jon Schick to second
|
|
Batting: RHB Ruben Velasco
|
0-0: Called Strike 0-1: Ball Jon Schick steals 3rd base 1-1: Ball 2-1: Ball 3-1: SINGLE (Groundball, 56, EV 102.5 MPH) Jon Schick scores
|
|
Batting: SHB Zory Larikov
|
0-0: Called Strike 0-1: Foul Ball, location: 2F 0-2: Fly out, F7 (Flyball, 78M, EV 83.1 MPH)
|
|
Batting: RHB Adam Burke
|
0-0: Ball Ruben Velasco steals 2nd base (no throw) 1-0: Swinging Strike 1-1: Ball 2-1: Called Strike 2-2: Fly out, F4 (Popup, 23, EV 86.3 MPH)
|
| Top of the 6th over - 1 run, 1 hit, 0 errors, 1 left on base; Toronto 3 - Oakland 1 |
| BOTTOM OF THE 6TH |
|
Oakland Athletics batting - Pitching for Toronto Blue Jays : RHP Tony Rios
|
|
Batting: LHB George Leary
|
0-0: Ball 1-0: Ball 2-0: Ball 3-0: Called Strike 3-1: Called Strike 3-2: Base on Balls
|
|
Batting: RHB Adam McGurn
|
0-0: Swinging Strike 0-1: SINGLE (Line Drive, 9LS, EV 95.0 MPH) George Leary to second Runner from 2nd tries for 3rd, SAFE, throw by RF made to third
|
|
Batting: SHB Bob Morales
|
0-0: Ball 1-0: Ball 2-0: Called Strike Adam McGurn steals 2nd base 2-1: Foul Ball, location: 2F 2-2: Strikes out swinging
|
|
Batting: RHB Danny Murillo
|
0-0: SINGLE (Groundball, 4MD, EV 84.4 MPH) (infield hit) George Leary scores Adam McGurn to third
|
|
Batting: RHB Justin McQuarter
|
0-0: Called Strike Danny Murillo is caught stealing 2nd base 2-4 0-1: Foul Ball, location: 2F 0-2: Strikes out looking
|
| Bottom of the 6th over - 1 run, 2 hits, 0 errors, 1 left on base; Toronto 3 - Oakland 2 |
| TOP OF THE 7TH |
|
Toronto Blue Jays batting - Pitching for Oakland Athletics : RHP Mitsuo Kuriyama
|
|
Batting: RHB Kirk Arp
|
0-0: Fly out, F5 (Flyball, 5D, EV 94.4 MPH)
|
|
Batting: LHB Gabe White
|
0-0: Called Strike 0-1: Fly out, F8 (Line Drive, 8LM, EV 91.3 MPH)
|
|
Batting: LHB Isto Mäyrä
|
0-0: Called Strike 0-1: Ball 1-1: Called Strike 1-2: Strikes out swinging
|
| Top of the 7th over - 0 runs, 0 hits, 0 errors, 0 left on base; Toronto 3 - Oakland 2 |
| BOTTOM OF THE 7TH |
|
Oakland Athletics batting - Pitching for Toronto Blue Jays : RHP Tony Rios
|
|
Batting: SHB Todd Hewitt
|
0-0: Ball 1-0: Foul Ball, location: 2F 1-1: Ball 2-1: Ball 3-1: Swinging Strike 3-2: Strikes out looking
|
|
Batting: RHB Muneo Kawachi
|
0-0: Ground out 5-3 (Groundball, 5S, EV 72.5 MPH)
|
|
Batting: SHB Ryan Langlois
|
0-0: Called Strike 0-1: SINGLE (Groundball, 6S, EV 63.8 MPH) (infield hit)
|
|
Batting: LHB Sakae Kasahara
|
0-0: Ball Ryan Langlois steals 2nd base 1-0: Called Strike 1-1: Called Strike 1-2: Foul Ball, location: 2F 1-2: Fly out, F7 (Flyball, 7, EV 94.4 MPH)
|
| Bottom of the 7th over - 0 runs, 1 hit, 0 errors, 1 left on base; Toronto 3 - Oakland 2 |
| TOP OF THE 8TH |
|
Toronto Blue Jays batting - Pitching for Oakland Athletics : RHP Mitsuo Kuriyama
|
|
Batting: RHB Jerry Jauregui
|
0-0: Swinging Strike 0-1: Fly out, F4 (Popup, 34, EV 55.0 MPH)
|
|
Batting: LHB Jon Schick
|
0-0: SINGLE (Line Drive, 6M, EV 99.4 MPH)
|
|
Batting: RHB Shigem Kubo
|
0-0: Called Strike Jon Schick steals 2nd base 0-1: Swinging Strike 0-2: Strikes out swinging
|
|
Batting: SHB Matt Altieri
|
0-0: Called Strike 0-1: Ground out 3-1 (Groundball, 34S, EV 85.0 MPH)
|
| Top of the 8th over - 0 runs, 1 hit, 0 errors, 1 left on base; Toronto 3 - Oakland 2 |
| BOTTOM OF THE 8TH |
|
Oakland Athletics batting - Pitching for Toronto Blue Jays : RHP Tony Rios
|
|
Pitching: LHP Katsumi Omura
|
|
|
Batting: LHB George Leary
|
0-0: Called Strike 0-1: SINGLE (Groundball, 56D, EV 105.6 MPH)
|
|
Batting: RHB Adam McGurn
|
0-0: Ball 1-0: Ball 2-0: Foul Ball, location: 2F 2-1: Swinging Strike 2-2: Strikes out swinging
|
|
Batting: SHB Bob Morales
|
0-0: Ball 1-0: Swinging Strike 1-1: Swinging Strike 1-2: Strikes out swinging
|
|
Batting: RHB Danny Murillo
|
0-0: Fly out, F9 (Flyball, 9LS, EV 93.1 MPH)
|
| Bottom of the 8th over - 0 runs, 1 hit, 0 errors, 1 left on base; Toronto 3 - Oakland 2 |
| TOP OF THE 9TH |
|
Toronto Blue Jays batting - Pitching for Oakland Athletics : RHP Mitsuo Kuriyama
|
|
Batting: SHB Zory Larikov
|
0-0: Ball 1-0: Ball 2-0: Ball 3-0: Base on Balls
|
|
Batting: RHB Adam Burke
|
0-0: Ball 1-0: Called Strike 1-1: Ball 2-1: SINGLE (Line Drive, 6MD, EV 108.1 MPH) Zory Larikov to second
|
|
Batting: RHB Kirk Arp
|
0-0: Fielders Choice at 2nd, 6-4 (Groundball, 6, EV 102.5 MPH) Zory Larikov to third
|
|
Batting: LHB Gabe White
|
0-0: Ball 1-0: Ball 2-0: SINGLE (Groundball, 6D, EV 95.6 MPH) Zory Larikov scores Kirk Arp to second
|
|
Batting: LHB Isto Mäyrä
|
0-0: Ball 1-0: SINGLE (Groundball, 6S, EV 67.5 MPH) (infield hit) Kirk Arp to third Gabe White to second
|
|
Batting: RHB Jerry Jauregui
|
0-0: Called Strike 0-1: Foul Ball, location: 2F 0-2: Foul Ball, location: 2F 0-2: Grounds into fielders choice 6-2 (Groundball, 6, EV 108.1 MPH) Gabe White to third Isto Mäyrä to second
|
|
Batting: LHB Jon Schick
|
0-0: Ball 1-0: Fly out, F7 (Line Drive, 7, EV 96.9 MPH)
|
| Top of the 9th over - 1 run, 3 hits, 0 errors, 3 left on base; Toronto 4 - Oakland 2 |
| BOTTOM OF THE 9TH |
|
Oakland Athletics batting - Pitching for Toronto Blue Jays : LHP Katsumi Omura
|
|
Pitching: RHP J.J. Thompson
|
|
|
Pinch Hitting: LHB Nate Dean
|
0-0: Ball 1-0: Called Strike 1-1: Swinging Strike 1-2: Foul Ball, location: 2F 1-2: Strikes out looking
|
|
Batting: SHB Todd Hewitt
|
0-0: Foul Ball, location: 2F 0-1: SINGLE (Groundball, 34D, EV 102.5 MPH)
|
|
Batting: RHB Muneo Kawachi
|
0-0: Ball 1-0: Ball 2-0: Foul Ball, location: 2F 2-1: 2-RUN HOME RUN (Flyball, 7D, EV 101.9 MPH), Distance : 372 ft
|
|
Batting: SHB Ryan Langlois
|
0-0: Ball 1-0: Foul Ball, location: 2F 1-1: Ball 2-1: Foul Ball, location: 2F 2-2: Ball 3-2: Strikes out swinging
|
|
Batting: LHB Sakae Kasahara
|
0-0: Called Strike 0-1: Foul Ball, location: 2F 0-2: SOLO HOME RUN (Flyball, 8RXD, EV 112.5 MPH), Distance : 464 ft
|
| Bottom of the 9th over - 3 runs, 3 hits, 0 errors, 0 left on base; Toronto 4 - Oakland 5 |
| |
|
Game Over ... Oakland defeats Toronto, 5 to 4
|
|
|